 Dungeon Crawl Stone Soup version 0.21.1-1-g345015f (webtiles) character file.

302 Lilu the Destroyer (level 6, -9/32 HPs)
             Began as a Deep Elf Conjurer on July 30, 2018.
             Mangled by amoger1506's ghost (10 damage)
             ... on level 4 of the Dungeon.
             The game lasted 00:12:40 (3233 turns).

Lilu the Destroyer (Deep Elf Conjurer)              Turns: 3233, Time: 00:12:41

Health: -9/32      AC:  4    Str:  7    XL:     6   Next: 14%
Magic:  13/21      EV: 13    Int: 20    God:
Gold:   120        SH:  0    Dex: 15    Spells: 4/11 levels left

rFire    . . .     SeeInvis .   l - +1 great mace (drain)
rCold    . . .     Gourm    .   (shield currently unavailable)
rNeg     . . .     Faith    .   a - +0 robe
rPois    .         Spirit   .   n - +0 helmet
rElec    .         Reflect  .   (no cloak)
rCorr    .         Harm     .   o - +0 pair of gloves
MR       .....                  (no boots)
Stlth    ++........             (no amulet)
HPRegen  0.10/turn              k - ring of flight
MPRegen  0.17/turn              w - ring of magical power

@: no status effects
A: no striking features
a: Evoke Flight


You were on level 4 of the Dungeon.
You were not hungry.

You visited 1 branch of the dungeon, and saw 4 of its levels.

You collected 120 gold pieces.

Inventory:

Hand Weapons
 h - a +0 hunting sling
 j - a +0 club
 l - a +1 great mace of draining (weapon)
Missiles
 g - 7 tomahawks (quivered)
 i - 150 stones
Armour
 a - a +0 robe (worn)
 d - a +0 large shield
 n - a +0 helmet (worn)
 o - a +0 pair of gloves (worn)
Jewellery
 k - a ring of flight (left hand)
 w - a ring of magical power (right hand)
Scrolls
 e - 5 scrolls of teleportation
 r - 7 scrolls of identify
 s - a scroll of blinking
Potions
 f - a potion of agility {unknown}
 m - a potion of cancellation {unknown}
 p - 2 potions of heal wounds {unknown}
 q - 3 potions of curing {unknown}
 u - a potion of brilliance {unknown}
Books
 b - a book of Conjurations

   Spells                             Type                      Level
   a - Magic Dart                     Conjuration                  1
   b - Searing Ray                    Conjuration                  2
   c - Dazzling Spray                 Conjuration/Hexes            3
   d - Fulminant Prism                Conjuration/Hexes            4
   e - Force Lance                    Conjuration/Translocation    4
   f - Iskenderun's Mystic Blast      Conjuration                  4
Comestibles
 c - 9 rations
 t - 4 chunks of flesh


   Skills:
 - Level 2.4 Dodging
 - Level 2.4 Stealth
 - Level 3.0 Spellcasting
 + Level 8.2 Conjurations


You had 4 spell levels left.
You knew the following spells:

 Your Spells              Type           Power        Failure   Level  Hunger
a - Magic Dart            Conj           ####         1%          1    None
b - Searing Ray           Conj           #####.       1%          2    ##.....
c - Iskenderun's Mystic   Conj           #####...     4%          4    ####...


Dungeon Overview and Level Annotations

Branches:
Dungeon (4/15)
 Temple: D:4-7

Altars:
Dithmenos
Yredelemnul

Annotations:
D:4 amoger1506's ghost, amateur DsAK


Message History

Casting: Searing Ray
Confirm with . or Enter, or press ? or * to list all spells.
Aiming: Searing Ray
Press: ? - help, Shift-Dir - straight line, f/p - amoger1506's ghost
Aim: amoger1506's ghost (heavily damaged)
The searing ray hits amoger1506's ghost.
Amoger1506's ghost is heavily damaged. (Press . to maintain the ray.) Amoger1506's ghost hits you!
The searing ray hits amoger1506's ghost.
Amoger1506's ghost is severely damaged.
Amoger1506's ghost hits you.
* * * LOW HITPOINT WARNING * * *
The searing ray misses amoger1506's ghost.
Amoger1506's ghost hits you!
* * * LOW HITPOINT WARNING * * *
The searing ray hits amoger1506's ghost.
Amoger1506's ghost is severely damaged.
You finish channeling your searing ray.
Amoger1506's ghost hits you!
You die...

#...# ...#
##W#.#....#
....#.>..
#.#....# .#
#.#.#.# ..#
#.....#...#
#######..........
#.@W))..[....#
#)#####...####
#.# #.....# #.#
#.###.### #.# #.#
#... #.#
#.###.### #.#
#.....# #.#
##.##.# #.#
#.##.#


You could see amoger1506's ghost.

Vanquished Creatures
  A hound (D:2)
  A centaur skeleton (D:4)
  2 orc wizards (D:4)
  Jessica (D:2)
  Terence (D:3)
  A hound skeleton (D:4)
  Robin (D:3)
  An adder (D:3)
  A howler monkey skeleton (D:4)
  An ooze (D:1)
  4 worms
  2 leopard geckos
  5 orcs
  2 giant cockroaches (D:1)
  11 goblins
  10 hobgoblins
  5 jackals
  5 bats
  4 frilled lizards
  7 kobolds
  8 rats
  A spectral orc (D:3)
75 creatures vanquished.

Notes
Turn   | Place    | Note
-------+----------+-------------------------------------------
     0 | D:1      | Lilu the Deep Elf Conjurer began the quest for the Orb.
     0 | D:1      | Reached XP level 1. HP: 10/10 MP: 6/6
   338 | D:1      | Reached XP level 2. HP: 15/15 MP: 8/8
   344 | D:1      | Learned a level 2 spell: Searing Ray
   363 | D:1      | Reached skill level 5 in Conjurations
   910 | D:1      | Reached XP level 3. HP: 19/19 MP: 7/9
  1191 | D:2      | Noticed Jessica
  1199 | D:2      | Killed Jessica
  1199 | D:2      | Reached skill level 6 in Conjurations
  1199 | D:2      | Reached XP level 4. HP: 24/24 MP: 4/10
  1653 | D:3      | Noticed Terence
  1791 | D:3      | Killed Terence
  1791 | D:3      | Reached skill level 7 in Conjurations
  1791 | D:3      | Reached XP level 5. HP: 22/28 MP: 2/11
  2070 | D:3      | Noticed Robin
  2084 | D:3      | Killed Robin
  2465 | D:3      | Found a shadowy altar of Dithmenos.
  2533 | D:3      | Found a basalt altar of Yredelemnul.
  2760 | D:4      | Noticed a phantom
  2811 | D:4      | Learned a level 4 spell: Iskenderun's Mystic Blast
  2894 | D:4      | Reached skill level 8 in Conjurations
  2894 | D:4      | Reached XP level 6. HP: 21/32 MP: 9/12
  3155 | D:4      | Noticed amoger1506's ghost (amateur DsAK)
  3232 | D:4      | HP: 1/32 [amoger1506's ghost (7)]
  3233 | D:4      | Mangled by amoger1506's ghost

Skill      XL: |  1  2  3  4  5 |
---------------+----------------+-----
Conjurations   | 5 6 7 8 |  8.2
Dodging        | |  2.4
Stealth        | |  2.4
Spellcasting   | |  3.0

Action                   |  1- 3 |  4- 6 || total
-------------------------+-------+-------++-------
Melee: Great mace        |       |     2 ||     2
 Fire: Hunting sling     |    93 |    36 ||   129
Throw: Tomahawk          |     3 |     2 ||     5
 Cast: Magic Dart        |    28 |    35 ||    63
       Searing Ray       |     1 |    16 ||    17
  Use: Scroll            |       |     8 ||     8
  Eat: Chunk             |     1 |     3 ||     4
       Ration            |       |     1 ||     1
Armor: Robe              |     8 |     8 ||    16
Dodge: Dodged            |    21 |    30 ||    51
